| TOP OF THE 1ST |
|
Durham Bulls batting - Pitching for Rochester Red Wings : RHP Isaac Slack
|
|
Pitching: RHP Isaac Slack
|
|
|
Batting: LHB Jake Rheaume
|
0-0: Called Strike 0-1: Swinging Strike 0-2: Foul Ball, location: 2F 0-2: SINGLE (Line Drive, 34D, EV 96.2 MPH)
|
|
Batting: RHB Paul Landes
|
0-0: Called Strike 0-1: Swinging Strike 0-2: Foul Ball, location: 2F 0-2: Ball 1-2: Strikes out looking
|
|
Batting: LHB Davion Lewis
|
0-0: Called Strike 0-1: Foul Ball, location: 2F 0-2: Foul Ball, location: 2F 0-2: Ball 1-2: Fielders Choice at 2nd, 3-6 (Groundball, 3, EV 103.8 MPH)
|
|
Batting: LHB Mario Ocana
|
0-0: Ball 1-0: Called Strike 1-1: Swinging Strike 1-2: Strikes out swinging
|
| Top of the 1st over - 0 runs, 1 hit, 0 errors, 1 left on base; Durham 0 - Rochester 0 |
| BOTTOM OF THE 1ST |
|
Rochester Red Wings batting - Pitching for Durham Bulls : RHP Dave Navarro
|
|
Pitching: RHP Dave Navarro
|
|
|
Batting: RHB Alex Sandoval
|
0-0: Ball 1-0: Ground out 5-3 (Groundball, 56, EV 101.2 MPH)
|
|
Batting: RHB Väinö Tapaninen
|
0-0: Ball 1-0: Ball 2-0: Ball 3-0: Called Strike 3-1: Base on Balls
|
|
Batting: SHB Gerardo Flores
|
0-0: Called Strike 0-1: Ball 1-1: Ball 2-1: SINGLE (Line Drive, 9S, EV 95.6 MPH) Väinö Tapaninen to second Runner from 2nd tries for 3rd, SAFE, no throw by RF
|
|
Batting: SHB Brian Bagley
|
0-0: Swinging Strike 0-1: Ball 1-1: Ball 2-1: Called Strike 2-2: Ball 3-2: Grounds into double play, 4-6-3 (Groundball, 34, EV 105.0 MPH)
|
| Bottom of the 1st over - 0 runs, 1 hit, 0 errors, 1 left on base; Durham 0 - Rochester 0 |
| TOP OF THE 2ND |
|
Durham Bulls batting - Pitching for Rochester Red Wings : RHP Isaac Slack
|
|
Batting: RHB Dermott Kennelly
|
0-0: Ball 1-0: Ball 2-0: Ball 3-0: Ground out 5-3 (Groundball, 56, EV 100.6 MPH)
|
|
Batting: LHB Danny Hull
|
0-0: Foul Ball, location: 2F 0-1: Ball 1-1: Ball 2-1: Foul Ball, location: 2F 2-2: Foul Ball, location: 2F 2-2: Ground out U3 (Groundball, 3, EV 81.9 MPH)
|
|
Batting: LHB Angel Ruvalcaba
|
0-0: Ball 1-0: Ball 2-0: Swinging Strike 2-1: Ball 3-1: Foul Ball, location: 2F 3-2: Base on Balls
|
|
Batting: RHB Jesse Haddad
|
0-0: Ball 1-0: Ball 2-0: Fielders Choice at 2nd, 5-4 (Groundball, 56, EV 83.1 MPH)
|
| Top of the 2nd over - 0 runs, 0 hits, 0 errors, 1 left on base; Durham 0 - Rochester 0 |
| BOTTOM OF THE 2ND |
|
Rochester Red Wings batting - Pitching for Durham Bulls : RHP Dave Navarro
|
|
Batting: RHB Jimmy Buzard
|
0-0: Called Strike 0-1: Ball 1-1: Ball 2-1: SINGLE (Line Drive, 8LS, EV 106.9 MPH)
|
|
Batting: LHB Yat-sen Zhu
|
0-0: Ground out 4-3 (Groundball, 4S, EV 68.8 MPH) Jimmy Buzard to second
|
|
Batting: RHB Israel Gaona
|
0-0: Ball 1-0: Ground out 4-3 (Groundball, 34, EV 106.2 MPH) Jimmy Buzard to third
|
|
Batting: LHB Gerardo Flores
|
0-0: Called Strike 0-1: Swinging Strike 0-2: Strikes out swinging
|
| Bottom of the 2nd over - 0 runs, 1 hit, 0 errors, 1 left on base; Durham 0 - Rochester 0 |
| TOP OF THE 3RD |
|
Durham Bulls batting - Pitching for Rochester Red Wings : RHP Isaac Slack
|
|
Batting: RHB Devin Brown
|
0-0: Ground out 6-3 (Groundball, 6S, EV 66.9 MPH)
|
|
Batting: LHB Jake Rheaume
|
0-0: SINGLE (Groundball, 4MD, EV 95.0 MPH)
|
|
Batting: RHB Paul Landes
|
0-0: Ball Jake Rheaume is caught stealing 2nd base 2-4 1-0: Ball 2-0: Ball 3-0: Called Strike 3-1: Base on Balls
|
|
Batting: LHB Davion Lewis
|
0-0: Ball 1-0: Foul Ball, location: 2F 1-1: Ball 2-1: Called Strike 2-2: Foul Ball, location: 2F 2-2: Ground out 4-3 (Groundball, 4, EV 83.1 MPH)
|
| Top of the 3rd over - 0 runs, 1 hit, 0 errors, 1 left on base; Durham 0 - Rochester 0 |
| BOTTOM OF THE 3RD |
|
Rochester Red Wings batting - Pitching for Durham Bulls : RHP Dave Navarro
|
|
Batting: RHB Yonetoshi Muranaka
|
0-0: Ball 1-0: Ground out 3-1 (Groundball, 13, EV 82.5 MPH)
|
|
Batting: RHB Alex Sandoval
|
0-0: Ball 1-0: Fly out, F9 (Line Drive, 9LS, EV 91.9 MPH)
|
|
Batting: RHB Väinö Tapaninen
|
0-0: Ball 1-0: SOLO HOME RUN (Line Drive, 7D, EV 98.1 MPH), Distance : 378 ft
|
|
Batting: SHB Gerardo Flores
|
0-0: SOLO HOME RUN (Line Drive, 8LXD, EV 111.2 MPH), Distance : 425 ft
|
|
Batting: SHB Brian Bagley
|
0-0: DOUBLE (Line Drive, 78M, EV 92.5 MPH)
|
|
Batting: RHB Jimmy Buzard
|
0-0: Ball 1-0: Ball 2-0: Swinging Strike 2-1: 2-RUN HOME RUN (Line Drive, 7LD, EV 95.0 MPH), Distance : 362 ft
|
|
Batting: LHB Yat-sen Zhu
|
0-0: Foul Ball, location: 2F 0-1: Ball 1-1: Fly out, F8 (Flyball, 8RXD, EV 101.9 MPH)
|
| Bottom of the 3rd over - 4 runs, 4 hits, 0 errors, 0 left on base; Durham 0 - Rochester 4 |
| TOP OF THE 4TH |
|
Durham Bulls batting - Pitching for Rochester Red Wings : RHP Isaac Slack
|
|
Batting: LHB Mario Ocana
|
0-0: Ball 1-0: Foul Ball, location: 2F 1-1: Foul Ball, location: 2F 1-2: Ball 2-2: Strikes out swinging
|
|
Batting: RHB Dermott Kennelly
|
0-0: Fly out, F8 (Flyball, 8RM, EV 93.1 MPH)
|
|
Batting: LHB Danny Hull
|
0-0: Called Strike 0-1: Fly out, F7 (Line Drive, 7S, EV 85.0 MPH)
|
| Top of the 4th over - 0 runs, 0 hits, 0 errors, 0 left on base; Durham 0 - Rochester 4 |
| BOTTOM OF THE 4TH |
|
Rochester Red Wings batting - Pitching for Durham Bulls : RHP Dave Navarro
|
|
Batting: RHB Israel Gaona
|
0-0: Called Strike 0-1: Ball 1-1: Ball 2-1: SINGLE (Flyball, 4MD, EV 86.9 MPH)
|
|
Batting: LHB Gerardo Flores
|
0-0: Ball 1-0: Called Strike Israel Gaona is caught stealing 2nd base 2-6 1-1: Foul Ball, location: 2F 1-2: Foul Ball, location: 2F 1-2: Fly out, F7 (Flyball, 78M, EV 95.6 MPH)
|
|
Batting: RHB Yonetoshi Muranaka
|
0-0: SINGLE (Line Drive, 78M, EV 93.8 MPH)
|
|
Batting: RHB Alex Sandoval
|
0-0: Ball 1-0: Ball 2-0: Ball 3-0: Called Strike 3-1: Base on Balls Yonetoshi Muranaka to second
|
|
Batting: RHB Väinö Tapaninen
|
0-0: Called Strike 0-1: Called Strike 0-2: Foul Ball, location: 2F 0-2: Fielders Choice at 2nd, 5-4 (Groundball, 56, EV 76.2 MPH)
|
| Bottom of the 4th over - 0 runs, 2 hits, 0 errors, 2 left on base; Durham 0 - Rochester 4 |
| TOP OF THE 5TH |
|
Durham Bulls batting - Pitching for Rochester Red Wings : RHP Isaac Slack
|
|
Batting: LHB Angel Ruvalcaba
|
0-0: Fly out, F7 (Flyball, 7LS, EV 93.8 MPH)
|
|
Batting: RHB Jesse Haddad
|
0-0: Ball 1-0: Foul Ball, location: 2F 1-1: Called Strike 1-2: Foul Ball, location: 2F 1-2: Foul Ball, location: 2F 1-2: Ball 2-2: Foul Ball, location: 2F 2-2: Strikes out swinging, 2-3 out at first.
|
|
Batting: RHB Devin Brown
|
0-0: Called Strike 0-1: Foul Ball, location: 2F 0-2: Strikes out swinging
|
| Top of the 5th over - 0 runs, 0 hits, 0 errors, 0 left on base; Durham 0 - Rochester 4 |
| BOTTOM OF THE 5TH |
|
Rochester Red Wings batting - Pitching for Durham Bulls : RHP Dave Navarro
|
|
Batting: SHB Gerardo Flores
|
0-0: SOLO HOME RUN (Flyball, 89XD, EV 103.1 MPH), Distance : 387 ft
|
|
Pitching: RHP Antonio Sanchez
|
|
|
Batting: SHB Brian Bagley
|
0-0: Ball 1-0: Swinging Strike 1-1: Ground out 4-3 (Groundball, 4M, EV 105.0 MPH)
|
|
Batting: RHB Jimmy Buzard
|
0-0: Ball 1-0: Foul Ball, location: 2F 1-1: Ball 2-1: Fly out, F7 (Flyball, 78S, EV 96.2 MPH)
|
|
Batting: LHB Yat-sen Zhu
|
0-0: Ball 1-0: Ball 2-0: Ground out U3 (Groundball, 3, EV 78.1 MPH)
|
| Bottom of the 5th over - 1 run, 1 hit, 0 errors, 0 left on base; Durham 0 - Rochester 5 |
| TOP OF THE 6TH |
|
Durham Bulls batting - Pitching for Rochester Red Wings : RHP Isaac Slack
|
|
Batting: LHB Jake Rheaume
|
0-0: Ball 1-0: Called Strike 1-1: Foul Ball, location: 2F 1-2: Foul Ball, location: 2F 1-2: Ball 2-2: Strikes out looking
|
|
Batting: RHB Paul Landes
|
0-0: Fly out, F8 (Flyball, 89S, EV 89.4 MPH)
|
|
Batting: LHB Davion Lewis
|
0-0: Ball 1-0: Ball 2-0: Ball 3-0: Called Strike 3-1: Swinging Strike 3-2: Foul Ball, location: 2F 3-2: Foul Ball, location: 2F 3-2: Base on Balls
|
|
Batting: LHB Mario Ocana
|
0-0: Called Strike 0-1: Ball 1-1: Foul Ball, location: 2F 1-2: Strikes out swinging
|
| Top of the 6th over - 0 runs, 0 hits, 0 errors, 1 left on base; Durham 0 - Rochester 5 |
| BOTTOM OF THE 6TH |
|
Rochester Red Wings batting - Pitching for Durham Bulls : RHP Antonio Sanchez
|
|
Batting: RHB Israel Gaona
|
0-0: Called Strike 0-1: Ball 1-1: Ball 2-1: Swinging Strike 2-2: Strikes out looking
|
|
Batting: LHB Gerardo Flores
|
0-0: Ball 1-0: Foul Ball, location: 2F 1-1: Foul Ball, location: 2F 1-2: Ball 2-2: Ball 3-2: Foul Ball, location: 2F 3-2: Ground out 6-3 (Groundball, 6, EV 86.9 MPH)
|
|
Batting: RHB Yonetoshi Muranaka
|
0-0: Foul Ball, location: 2F 0-1: Foul Ball, location: 2F 0-2: Foul Ball, location: 2F 0-2: Ball 1-2: Strikes out swinging, 2-3 out at first.
|
| Bottom of the 6th over - 0 runs, 0 hits, 0 errors, 0 left on base; Durham 0 - Rochester 5 |
| TOP OF THE 7TH |
|
Durham Bulls batting - Pitching for Rochester Red Wings : RHP Isaac Slack
|
|
Batting: RHB Dermott Kennelly
|
0-0: Ball 1-0: Fly out, F9 (Flyball, 9LM, EV 85.0 MPH)
|
|
Batting: LHB Danny Hull
|
0-0: Foul Ball, location: 2F 0-1: Ball 1-1: Foul Ball, location: 2F 1-2: SINGLE (Line Drive, 89S, EV 101.2 MPH)
|
|
Batting: LHB Angel Ruvalcaba
|
0-0: Called Strike 0-1: Fielders Choice at 2nd, 3-6 (Groundball, 3, EV 87.5 MPH)
|
|
Batting: RHB Jesse Haddad
|
0-0: Called Strike 0-1: Ball 1-1: Ball 2-1: Called Strike 2-2: Strikes out swinging
|
| Top of the 7th over - 0 runs, 1 hit, 0 errors, 1 left on base; Durham 0 - Rochester 5 |
| BOTTOM OF THE 7TH |
|
Rochester Red Wings batting - Pitching for Durham Bulls : RHP Antonio Sanchez
|
|
Batting: RHB Alex Sandoval
|
0-0: Ball 1-0: Called Strike 1-1: Called Strike 1-2: Ground out 5-3 (Groundball, 56, EV 83.1 MPH)
|
|
Batting: RHB Väinö Tapaninen
|
0-0: Called Strike 0-1: Ball 1-1: Swinging Strike 1-2: Foul Ball, location: 2F 1-2: Strikes out swinging
|
|
Batting: SHB Gerardo Flores
|
0-0: Ball 1-0: Ball 2-0: Called Strike 2-1: Ball 3-1: Called Strike 3-2: Fly out, F7 (Flyball, 7D, EV 96.9 MPH)
|
| Bottom of the 7th over - 0 runs, 0 hits, 0 errors, 0 left on base; Durham 0 - Rochester 5 |
| TOP OF THE 8TH |
|
Durham Bulls batting - Pitching for Rochester Red Wings : RHP Isaac Slack
|
|
Pitching: LHP Stefano Traversoni
|
|
|
Batting: RHB Devin Brown
|
0-0: Ground out 2-3 (Groundball, 2L, EV 68.1 MPH)
|
|
Batting: LHB Jake Rheaume
|
0-0: Called Strike 0-1: Called Strike 0-2: Foul Ball, location: 2F 0-2: Strikes out looking
|
|
Batting: RHB Paul Landes
|
0-0: Ground out 4-3 (Groundball, 4, EV 106.9 MPH)
|
| Top of the 8th over - 0 runs, 0 hits, 0 errors, 0 left on base; Durham 0 - Rochester 5 |
| BOTTOM OF THE 8TH |
|
Rochester Red Wings batting - Pitching for Durham Bulls : RHP Antonio Sanchez
|
|
Batting: SHB Brian Bagley
|
0-0: Swinging Strike 0-1: Called Strike 0-2: Ball 1-2: Foul Ball, location: 2F 1-2: SOLO HOME RUN (Flyball, 7LD, EV 90.6 MPH), Distance : 350 ft
|
|
Batting: RHB Jimmy Buzard
|
0-0: Ground out 3-1 (Groundball, 34, EV 102.5 MPH)
|
|
Batting: LHB Yat-sen Zhu
|
0-0: Ball 1-0: Foul Ball, location: 2F 1-1: Ball 2-1: Called Strike 2-2: Fly out, F7 (Flyball, 78M, EV 66.9 MPH)
|
|
Batting: RHB Israel Gaona
|
0-0: Ball 1-0: Called Strike 1-1: Ground out 5-3 (Groundball, 56S, EV 88.8 MPH)
|
| Bottom of the 8th over - 1 run, 1 hit, 0 errors, 0 left on base; Durham 0 - Rochester 6 |
| TOP OF THE 9TH |
|
Durham Bulls batting - Pitching for Rochester Red Wings : LHP Stefano Traversoni
|
|
Batting: LHB Davion Lewis
|
0-0: Ball 1-0: Called Strike 1-1: Reached on error, E1 (Groundball, 15S, EV 76.2 MPH)
|
|
Batting: LHB Mario Ocana
|
0-0: Called Strike 0-1: Swinging Strike 0-2: Ball 1-2: Foul Ball, location: 2F 1-2: DOUBLE (Line Drive, 7LM, EV 90.0 MPH) Davion Lewis to third
|
|
Batting: RHB Dermott Kennelly
|
0-0: Ball 1-0: Ball 2-0: Ball 3-0: Called Strike 3-1: Foul Ball, location: 2F 3-2: Base on Balls
|
|
Pinch Hitting: SHB Brett McEwen
|
0-0: Ball 1-0: Foul Ball, location: 2F 1-1: Ball 2-1: Ball 3-1: Called Strike 3-2: Foul Ball, location: 2F 3-2: Base on Balls Davion Lewis scores Mario Ocana to third Dermott Kennelly to second
|
|
Pitching: RHP Ryan Bushey
|
|
|
Batting: LHB Angel Ruvalcaba
|
0-0: Foul Ball, location: 2F 0-1: Ball 1-1: Ball 2-1: Foul Ball, location: 2F 2-2: Foul Ball, location: 2F 2-2: Foul Ball, location: 2F 2-2: Foul Ball, location: 2F 2-2: Strikes out swinging
|
|
Pinch Hitting: LHB Jimmy Buscemi
|
0-0: Ball 1-0: Called Strike 1-1: Called Strike 1-2: Strikes out looking
|
|
Pinch Hitting: SHB Jose Vargas
|
0-0: Ball 1-0: Foul Ball, location: 2F 1-1: Fly out, F7 (Flyball, 7D, EV 107.5 MPH)
|
| Top of the 9th over - 1 run, 1 hit, 1 error, 3 left on base; Durham 1 - Rochester 6 |
|